 Dungeon Crawl Stone Soup version 0.28.0-47-ge53b351184 (webtiles) character file.

Game seed: 1296469673590045380

31 Eitelfritz the Sneak (level 3, 0/16 HPs)
             Began as a Spriggan Enchanter on Apr 28, 2022.
             Slain by a hobgoblin (5 damage)
             ... led by Robin
             ... on level 1 of the Dungeon.
             The game lasted 00:03:24 (1569 turns).

Eitelfritz the Sneak (Spriggan Enchanter)           Turns: 1569, Time: 00:03:25

Health: 0/16       AC:  2    Str:  6    XL:     3   Next: 7%
Magic:  8/8        EV: 17    Int: 16    God:
Gold:   56         SH:  0    Dex: 15    Spells: 7/7 levels left

rFire   . . .      SeeInvis +   a - +1 dagger
rCold   . . .      Faith    .   (no shield)
rNeg    . . .      Spirit   .   b - +0 robe
rPois   .          Reflect  .   (helmet restricted)
rElec   .          Harm     .   (no cloak)
rCorr   .          Rampage  .   (gloves unavailable)
Will    .....                   (boots unavailable)
Stlth   +++.......              (no amulet)
HPRegen 0.05/turn               (no ring)
MPRegen 0.11/turn               (no ring)

@: very quick
A: very small, no large weapons, unfitting armour, see invisible, speed 3
a: no special abilities


You were on level 1 of the Dungeon.
You visited 1 branch of the dungeon, and saw 2 of its levels.

You collected 56 gold pieces.

Inventory:

Hand Weapons
 a - a +1 dagger (weapon)
Missiles
 i - 6 silver boomerangs (quivered)
Armour
 b - a +0 robe (worn)
Scrolls
 e - a scroll of identify {unknown}
 g - a scroll of noise {unknown}
 h - a scroll of enchant armour {unknown}
Potions
 c - a potion of invisibility
 d - 2 potions of curing {unknown}
 f - a potion of ambrosia {unknown}
 j - a potion of cancellation {unknown}


   Skills:
 + Level 1.4 Short Blades
 + Level 3.0 Dodging
 + Level 5.1 Stealth
 + Level 2.8 Spellcasting
 + Level 4.3 Hexes


You had 7 spell levels left.
You didn't know any spells.
Your spell library contained the following spells:

 Spells                   Type           Power      Damage    Failure   Level
 Confusing Touch          Hex            16%        N/A       10%         3
 Tukima's Dance           Hex            16%        N/A       10%         3
 Ensorcelled Hibernation  Hex/Ice        18%        N/A       12%         2
 Dazzling Flash           Conj/Hex       18%        N/A       24%         3


Dungeon Overview and Level Annotations

Branches:
Dungeon (2/15)

Altars:

Annotations:
D:2 Robin


Innate Abilities, Weirdness & Mutations

You are very small and have problems with some larger weapons.
You are too small for most types of armour.
You have supernaturally acute eyesight. (SInv)
You cover ground extremely quickly. (Speed+++)


Message History

You hit the hobgoblin.
The hobgoblin is almost dead.
The hobgoblin closely misses you.
You hit the hobgoblin.
You kill the hobgoblin!
You climb downwards.
Level annotation: Robin The hobgoblin barely misses you.
The hobgoblin hits you but does no damage.
There is a stone staircase leading up here.
The hobgoblin hits you.
You climb upwards.
There is a stone staircase leading down, spattered with blood here.
You barely miss the hobgoblin. The hobgoblin hits you.
You hit the hobgoblin.
The hobgoblin is moderately wounded.
The hobgoblin completely misses you.
You hit the hobgoblin but do no damage.
The hobgoblin hits you but does no damage.
You hit the hobgoblin.
The hobgoblin is moderately wounded.
The hobgoblin closely misses you.
You hit the hobgoblin but do no damage.
The hobgoblin is moderately wounded.
You hit the hobgoblin.
The hobgoblin is heavily wounded.
The hobgoblin hits you.
You closely miss the hobgoblin.
The hobgoblin is heavily wounded.
The hobgoblin completely misses you.
You closely miss the hobgoblin.
The hobgoblin is heavily wounded.
The hobgoblin misses you.
You closely miss the hobgoblin.
The hobgoblin is heavily wounded.
The hobgoblin completely misses you.
You hit the hobgoblin.
The hobgoblin is heavily wounded.
The hobgoblin hits you.
You die...

....#### ##....#.# .####
#..###.# .# #########..# #.#
.####......##..###.###########
.#......##.#.................#
..#.#.#.##.#......#......###.#
....#.#....#...)..#.####.# #.#
......######.....†#)# #.# #.#
#.#######.......@.#.# #.###.#
#.........#.####g##.####.....#
#...........# #(##...########
#.##############.##.....#
#...#..#.........##...#.#
###....#.##############.#
########.# #.......#.##
.........# #.#####.#..#
########## #.# #.##.#


You could see a hobgoblin.

Vanquished Creatures
  5 bats (D:1)
  2 endoplasms (D:1)
  2 giant cockroaches (D:1)
  4 hobgoblins (D:1)
  2 jackals (D:1)
  2 kobolds (D:1)
  4 ball pythons (D:1)
  3 frilled lizards
  3 goblins (D:1)
  A rat (D:1)
28 creatures vanquished.

Notes
Turn   | Place    | Note
-------+----------+-------------------------------------------
     0 | D:1      | Eitelfritz the Spriggan Enchanter began the quest for the
                  | Orb.
     0 | D:1      | Reached XP level 1. HP: 9/9 MP: 5/5
   431 | D:1      | Reached XP level 2. HP: 13/13 MP: 6/6
  1140 | D:1      | Found a faded altar of an unknown god.
  1145 | D:1      | Reached skill level 5 in Stealth
  1441 | D:2      | Reached XP level 3. HP: 16/16 MP: 8/8
  1472 | D:2      | Noticed Robin
  1569 | D:1      | Slain by a hobgoblin

Illustrated notes

Levels and vault maps discovered:
D:1:      scummos_arrival_simple_crosswalls, layout_basic,
          basic_ecumenical_altar, kennysheep_pointless_box
D:2:      layout_loops_ring, supply_closet_lemuel, uniq_robin

Skill      XL: |  1  2 |
---------------+-------+-----
Hexes          | 4 |  4.3
Stealth        | 5 |  5.1
Dodging        | 3 |  3.0
Short Blades   | |  1.4
Spellcasting   | |  2.8

Action                   || total
-------------------------++-------
Melee: Dagger            ||   131
       Punch             ||     1
 Stab: Sleeping          ||    10
Armor: Robe              ||    27
Dodge: Dodged            ||   119
